Map: Terraços Prion

Players

TheZergLord - Winner!

  • Race: Zerg Zerg
  • League: Master

papopu

  • Race: Protoss Protoss
  • League: Master

VOD

Have the link to the VOD?

Description

Time

  • Played on: Feb. 25, 2016, 1:12 p.m.
  • Length: 8:39
Show
View Real Time Build Order
Export as new Build Order

TheZergLord Zerg - Winner!

Build Orders: Hatch First 

Get SALT Encoding   

  12  0:01  Drone  
  13  0:12  Overlord  
  13  0:17  Drone  
  14  0:31  Drone x2  
  14  0:34  Drone  
  17  0:52  Hatchery  
  17  0:55  Drone  
  17  0:59  Drone  
  18  1:09  Extractor  
  17  1:13  Spawning Pool  
  17  1:17  Drone  
  17  1:20  Drone  
  18  1:28  Drone  
  19  1:39  Overlord  
  19  2:00  Queen  
  21  2:01  Zergling x2  
  21  2:03  Drone  
  21  2:04  Queen  
  21  2:05  Drone  
  26  2:11  Drone  
  26  2:13  Metabolic Boost  
  27  2:20  Drone  
  28  2:26  Drone x2  
  30  2:42  Hatchery  
  30  2:43  Queen  
  31  2:46  Overlord  
  31  2:49  Drone x2  
  33  2:51  Drone  
  33  2:55  Drone  
  35  3:00  Drone  
  36  3:08  Overlord  
  36  3:11  Drone x4  
  40  3:20  Drone x4  
  44  3:31  Overlord  
  44  3:33  Drone  
  45  3:37  Extractor  
  45  3:38  Roach Warren  
  43  3:42  Zergling x2  
  43  3:43  Zergling x2  
  47  3:50  Overlord  
  47  3:55  Drone x5  
  49  3:56  Drone x3  
  49  3:57  Queen  
  49  4:00  Spore Crawler  
  53  4:02  Spore Crawler  
  53  4:03  Drone  
  53  4:12  Lair  
  53  4:18  Overlord  
  53  4:20  Spore Crawler  
  53  4:21  Roach x4  
  60  4:26  Roach  
  60  4:30  Roach  
  64  4:33  Drone x3  
  64  4:34  Drone x3  
  70  4:39  Roach x2  
  74  4:46  Overlord  
  74  4:49  Overlord x2  
  74  4:58  Extractor  
  73  5:00  Extractor  
  73  5:01  Extractor x2  
  73  5:06  Overlord  
  73  5:07  Overlord x2  
  70  5:09  Drone x2  
  70  5:10  Drone x6  
  70  5:12  Hatchery  
  70  5:13  Glial Reconstitution  
  77  5:19  Hydralisk Den  
  77  5:21  Evolution Chamber  
  75  5:32  Drone x2  
  77  5:36  Drone  
  77  5:37  Drone x2  
  77  5:38  Drone x2  
  77  5:39  Drone x3  
  85  5:46  Overlord x4  
  85  5:51  Zerg Missile Weapons Level 1, Muscular Augments  
  85  5:55  Hydralisk x4  
  93  6:02  Hydralisk x2  
  93  6:03  Hydralisk  
  99  6:16  Hydralisk x3  
  99  6:17  Hydralisk  
  107  6:19  Spore Crawler  
  104  6:28  Roach x3  
  104  6:29  Roach x5  
  111  6:45  Roach  
  111  6:46  Roach x10  
  127  6:50  Queen  
  127  6:53  Hydralisk x2  
  131  6:59  Drone x2  
  131  7:00  Drone x2  
  137  7:02  Drone x2  
  137  7:04  Queen  
  141  7:08  Lurker Den  
  141  7:10  Roach  
  133  7:28  Roach x5  
  133  7:29  Roach  
  141  7:34  Roach x4  
  115  7:58  Hydralisk  
  115  7:59  Hydralisk x10  
Show
View Real Time Build Order
Export as new Build Order

papopu Protoss 

Build Orders: Nexus First, Phoenix Opening 

Get SALT Encoding   

  12  0:03  Probe (Chrono Boost)  
  13  0:17  Probe (Chrono Boost)  
  14  0:25  Pylon  
  14  0:27  Probe (Chrono Boost)  
  15  0:43  Probe (Chrono Boost)  
  16  0:53  Probe (Chrono Boost)  
  17  1:01  Nexus  
  17  1:10  Gateway  
  17  1:13  Assimilator  
  17  1:17  Probe (Chrono Boost)  
  18  1:27  Assimilator  
  18  1:28  Probe (Chrono Boost)  
  19  1:39  Probe (Chrono Boost)  
  20  1:49  Probe (Chrono Boost)  
  21  2:00  Probe (Chrono Boost)  
  22  2:01  Cybernetics Core  
  22  2:10  Probe (Chrono Boost)  
  22  2:15  Probe (Chrono Boost)  
  24  2:21  Probe (Chrono Boost)  
  25  2:25  Probe (Chrono Boost)  
  26  2:31  Probe (Chrono Boost)  
  26  2:36  Probe (Chrono Boost)  
  28  2:39  Pylon  
  28  2:42  Probe (Chrono Boost), Adept  
  28  2:43  Warp Gate  
  31  2:46  Probe (Chrono Boost)  
  32  2:53  Mothership Core (Chrono Boost)  
  32  2:56  Stargate  
  32  2:57  Probe (Chrono Boost)  
  35  3:07  Probe (Chrono Boost)  
  35  3:11  Probe (Chrono Boost)  
  37  3:18  Probe (Chrono Boost)  
  38  3:21  Gateway, Probe (Chrono Boost)  
  38  3:23  Gateway  
  39  3:27  Adept  
  39  3:28  Probe (Chrono Boost)  
  39  3:32  Probe (Chrono Boost)  
  43  3:38  Probe (Chrono Boost)  
  43  3:40  Phoenix (Chrono Boost)  
  46  3:49  Nexus  
  46  3:50  Pylon  
  46  3:56  Pylon  
  46  4:03  Assimilator  
  46  4:05  Assimilator  
  46  4:07  Probe  
  46  4:08  Probe  
  48  4:10  Robotics Facility  
  48  4:14  Twilight Council  
  48  4:18  Probe  
  48  4:20  Pylon  
  48  4:21  Phoenix (Chrono Boost), Probe  
  52  4:29  Probe  
  53  4:34  Probe  
  54  4:39  Probe  
  54  4:41  Gateway x2, Resonating Glaives (Chrono Boost)  
  54  4:43  Phoenix (Chrono Boost)  
  57  4:46  Probe  
  57  4:50  Probe  
  59  4:57  Warp Prism (Chrono Boost)  
  59  4:59  Probe  
  62  5:03  Gateway, Probe  
  62  5:04  Gateway  
  62  5:05  Probe  
  64  5:11  Probe  
  65  5:17  Probe  
  65  5:20  Adept  
  65  5:21  Adept x2  
  70  5:26  Probe  
  70  5:27  Probe  
  74  5:29  Probe  
  74  5:30  Pylon  
  74  5:32  Pylon  
  75  5:39  Probe  
  75  5:40  Probe  
  75  5:41  Probe  
  49  5:42  Phoenix  
  78  5:49  Probe  
  81  5:58  Probe  
  81  5:59  Assimilator  
  81  6:03  Assimilator  
  81  6:04  Immortal (Chrono Boost)  
  86  6:05  Pylon  
  86  6:06  Adept x3  
  86  6:07  Phoenix, Adept x2  
  86  6:08  Adept  
  100  6:24  Pylon  
  100  6:25  Pylon  
  98  6:27  Pylon  
  98  6:30  Forge  
  86  6:41  Phoenix  
  86  6:42  Zealot x2  
  86  6:43  Zealot x5  
  86  6:44  Immortal (Chrono Boost), Charge (Chrono Boost)  
  100  7:01  Probe  
  101  7:10  Zealot  
  101  7:11  Zealot x6  
  101  7:13  Probe  
  76  7:33  Zealot x6  
  76  7:34  Zealot  
  86  7:37  Immortal  
  55  8:01  Zealot x6  
  55  8:02  Zealot  
  52  8:30  Zealot x4  
  52  8:31  Zealot  
Tags
 
Add a new tag
Caveats
  • Supply blocks, unpowered buildings, or Contaminate may cause inaccurate times.
  • Supply counts are checked every 10 seconds.